 Dungeon Crawl Stone Soup version 0.31-a0-246-g8cbcc1cb85 (webtiles) character file.

Game seed: 3981580903944800150

144 qw the Shooter (level 5, -8/30 HPs)
             Began as a Gargoyle Hexslinger on July 12, 2023.
             Mangled by an ogre
             ... wielding a +0 giant club
              (13 damage)
             ... on level 4 of the Dungeon.
             The game lasted 00:01:10 (2666 turns).

qw the Shooter (Gargoyle Hexslinger)                Turns: 2666, Time: 00:01:11

Health: -8/30      AC: 11    Str: 12    XL:     5   Next: 26%
Magic:  6/6        EV: 10    Int: 13    God:
Gold:   151        SH:  0    Dex: 14    Spells: 5/6 levels left

rFire   . . .        Y - +1 sling
rCold   . . .        (no shield)
rNeg    + . .        h - +0 ring mail
rPois   inf          (no helmet)
rElec   +            (no cloak)
rCorr   .            j - +1 pair of gloves
SInv    .            (no boots)
Will    .....        (no amulet)
Stlth   +            (no ring)
HPRegen 0.25/turn    (no ring)
MPRegen 0.10/turn

%: no passive effects
@: no status effects
A: sickness immunity, AC +4, negative energy resistance 1, electricity
resistance, torment resistance 1, petrification resistance
a: no special abilities


You were on level 4 of the Dungeon.
You visited 1 branch of the dungeon, and saw 4 of its levels.

You collected 151 gold pieces.


Innate Abilities, Weirdness & Mutations

You are immune to sickness and miasma.
Your stone body is resilient. (AC +4)
You are immune to poison.
You resist negative energy. (rN+)
You are resistant to electric shocks. (rElec)
You are resistant to unholy torment.
You are immune to petrification.


   Skills:
 - Level 2.0 Fighting
 + Level 4.8 Ranged Weapons
 - Level 1.0 Armour
 - Level 1.5 Dodging
 - Level 1.0 Spellcasting
 - Level 2.6 Hexes


You had 5 spell levels left.
You knew the following spells:

 Your Spells              Type           Power      Damage    Failure   Level
a - Slow                  Hex            28%        N/A       22%         1

Your spell library contained the following spells:

 Spells                   Type           Power      Damage    Failure   Level
 Inner Flame              Hex/Fire       4%         N/A       73%         3
 Portal Projectile        Hex/Tloc       8%         N/A       73%         3
 Cause Fear               Hex            3%         N/A       91%         4

Inventory:

Hand Weapons
 Y - a +1 sling (weapon)
Armour
 h - a +0 ring mail (worn)
 j - a +1 pair of gloves (worn)
Scrolls
 b - a scroll of blinking {unknown}
Potions
 a - a potion of curing {unknown}
 i - a potion of brilliance {unknown}

Dungeon Overview and Level Annotations

Branches:
Dungeon (4/15)
 Temple: D:4-7

Altars:
Xom

Annotations:
D:3 2 transporters, qw's ghost, amateur MiHs


Message History

The sling bullet hits the howler monkey!
The howler monkey is almost dead.
The howler monkey hits you but does no damage.
The howler monkey closely misses you.
You shoot a sling bullet.
The sling bullet hits the howler monkey.
You kill the howler monkey!
You have reached level 5!
You start resting.
HP restored.
You see here a howler monkey corpse.
You see here a howler monkey corpse.
An endoplasm comes into view.
The endoplasm quivers.
There is a stone staircase leading up here.
You shoot a sling bullet. The sling bullet hits the endoplasm!
You kill the endoplasm!
You now have 151 gold pieces (gained 16).
An ogre comes into view. It is wielding a +0 giant club.
Enter note:
Enter note: You shoot a sling bullet.
The sling bullet hits the ogre but does no damage.
You shoot a sling bullet. The sling bullet hits the ogre.
The ogre is lightly wounded.
You shoot a sling bullet. The sling bullet hits the ogre.
The ogre is moderately wounded.
You shoot a sling bullet.
The sling bullet barely misses the ogre.
You shoot a sling bullet.
The sling bullet hits the ogre but does no damage.
The ogre is moderately wounded.
The ogre hits you with a +0 giant club!!
Ouch! That really hurt!
You shoot a sling bullet. The sling bullet hits the ogre!
The ogre is heavily wounded.
You shoot a sling bullet.
The sling bullet barely misses the ogre.
The ogre hits you with a +0 giant club!
You die...

#....###### ..
#....##...# ..
#....##...# ####.
#....##...# ......
#.....#...#
......####.#.....##
$.......#........<###
......#...(.#.......###
......O@.[#.#....##...##
.................####...
.......#......##### ####
.......##.........######
######. ###^)..##...>...
#. ###....####### #.
#.......## #. ####..#..#
#...#.#


You could see an ogre.

Vanquished Creatures
  A howler monkey (D:4)
  2 adders (D:2)
  2 worms (D:2)
  2 dart slugs
  2 orcs (D:3)
  6 ball pythons
  8 endoplasms
  2 giant cockroaches
  6 goblins
  6 hobgoblins
  10 jackals
  8 kobolds
  2 quokkas
  7 bats
  2 frilled lizards
  3 rats
69 creatures vanquished.

Notes
Turn   | Place    | Note
-------+----------+-------------------------------------------
     0 | D:1      | qw the Gargoyle Hexslinger began the quest for the Orb.
     0 | D:1      | Reached XP level 1. HP: 12/12 MP: 2/2
     0 | D:1      | 0 ||| qw: Version: 0.3-a-52-g30416fa
     0 | D:1      | 0 ||| qw: Game counter: 6474
     0 | D:1      | 0 ||| qw: Melee chars always use a shield: true
     0 | D:1      | 0 ||| qw: God list: Okawaru
     0 | D:1      | 0 ||| qw: Allow faded altars: false
     0 | D:1      | 0 ||| qw: Do Orc after clearing Dungeon:15 true
     0 | D:1      | 0 ||| qw: Do second Lair branch before Depths: true
     0 | D:1      | 0 ||| qw: Lair rune preference: random
     0 | D:1      | 0 ||| qw: Goals: Normal
     0 | D:1      | 0 ||| PLANNING D:1-11
   195 | D:1      | Reached XP level 2. HP: 9/16 MP: 3/3
   272 | D:1      | 272 ||| Stepping ~*~*~tactically~*~*~ (outnumbered).
   393 | D:1      | Reached skill level 3 in Ranged Weapons
   575 | D:1      | You fall into a shaft and drop 1 floor!
   576 | D:2      | 576 ||| STAIRDANCE
   634 | D:1      | Reached XP level 3. HP: 21/21 MP: 4/4
   709 | D:1      | 709 ||| UPGRADING to +0 leather armour.
   719 | D:1      | 719 ||| DROPPING +0 robe.
   720 | D:1      | 720 ||| UPGRADING to +0 ring mail.
   730 | D:1      | 730 ||| DROPPING +0 leather armour.
   731 | D:1      | 731 ||| UPGRADING to +1 pair of gloves.
   736 | D:1      | 736 ||| READING scroll labelled ODOJOLEUCLE.
   737 | D:1      | 737 ||| DRINKING 2 blue potions.
   738 | D:1      | 738 ||| DRINKING 2 sapphire potions.
   739 | D:1      | 739 ||| DROPPING scroll of poison.
   740 | D:1      | 740 ||| DROPPING potion of magic.
   807 | D:2      | Reached skill level 1 in Armour
   889 | D:2      | Found a shimmering altar of Xom.
   952 | D:2      | Reached XP level 4. HP: 24/26 MP: 5/5
  1119 | D:2      | HP: 6/26 [kobold/+0 dagger (2)]
  1120 | D:2      | 1120 ||| DRINKING potion of heal wounds.
  1135 | D:2      | Reached skill level 4 in Ranged Weapons
  1135 | D:2      | 1135 ||| FLEEEEING.
  1136 | D:2      | 1136 ||| FLEEEEING.
  1137 | D:2      | 1137 ||| FLEEEEING.
  1138 | D:2      | 1138 ||| FLEEEEING.
  1139 | D:2      | 1139 ||| FLEEEEING.
  1140 | D:2      | 1140 ||| FLEEEEING.
  1141 | D:2      | 1141 ||| FLEEEEING.
  1142 | D:2      | 1142 ||| FLEEEEING.
  1143 | D:2      | 1143 ||| FLEEEEING.
  1144 | D:2      | 1144 ||| FLEEEEING.
  1145 | D:2      | 1145 ||| FLEEEEING.
  1147 | D:2      | 1147 ||| FLEEEEING.
  1148 | D:2      | 1148 ||| FLEEEEING.
  1149 | D:2      | 1149 ||| FLEEEEING.
  1151 | D:2      | 1151 ||| FLEEEEING.
  1152 | D:2      | 1152 ||| FLEEEEING.
  1153 | D:2      | 1153 ||| FLEEEEING.
  1154 | D:2      | 1154 ||| FLEEEEING.
  1155 | D:2      | 1155 ||| FLEEEEING.
  1156 | D:2      | 1156 ||| FLEEEEING.
  1157 | D:2      | 1157 ||| FLEEEEING.
  1158 | D:2      | 1158 ||| FLEEEEING.
  1159 | D:2      | 1159 ||| FLEEEEING.
  1160 | D:2      | 1160 ||| STAIRDANCE
  1178 | D:1      | 1178 ||| READING scroll labelled TIUXZO CAFOG.
  1279 | D:1      | 1279 ||| READING scroll labelled NOMICR VAH LUY.
  1280 | D:1      | 1280 ||| READING scroll labelled VAEPIA KO ZOFO.
  1961 | D:3      | Found a transporter.
  1961 | D:3      | Noticed qw's ghost (amateur MiHs)
  2120 | D:3      | Found a transporter.
  2504 | D:3      | 2504 ||| READING scroll labelled WUOHESCHU JECON.
  2611 | D:4      | Reached XP level 5. HP: 26/30 MP: 6/6
  2659 | D:4      | Noticed an ogre
  2664 | D:4      | HP: 4/30 [ogre/+0 giant club (26)]
  2666 | D:4      | Mangled by an ogre

Levels and vault maps discovered:
D:1:      beargit_arrival_diablo_church, layout_loops_ring, minmay_pentomino_u4
D:2:      layout_rooms, basic_altar, minivault_4, st_stairs_12
D:3:      layout_loops_ring, gammafunk_ghost_mausoleum, serial_co_window_serial,
          co_window_corner_a, co_window_paths_b, co_window_paths_a,
          co_window_of_opportunity_a, co_window_corner_a, co_window_paths_a,
          co_window_corner_b, co_window_paths_c, co_window_2corner,
          co_window_2corner, co_window_of_opportunity_b,
          co_window_of_opportunity_b, co_window_sun, glass_columns_a,
          minivault_11
D:4:      layout_rooms, grunt_dithmenos_smoke, hex_large, uniq_eustachio,
          uniq_crazy_yiuf_cottage

Skill      XL: |  1  2  3  4 |
---------------+-------------+-----
Ranged Weapons | 3 4 |  4.8
Fighting       | 2 |  2.0
Armour         | 1 |  1.0
Dodging        | |  1.5
Spellcasting   | |  1.0
Hexes          | |  2.6

Action                     |  1- 3 |  4- 6 || total
---------------------------+-------+-------++-------
   Fire: Sling             |   150 |   124 ||   274
    Use: Potion            |     2 |     1 ||     3
         Scroll            |     1 |     4 ||     5
 Armour: Robe              |    16 |       ||    16
         Ring mail         |    22 |    43 ||    65
  Dodge: Dodged            |    66 |    53 ||   119

Table legend:
 A = Non-vault XP
 B = Vault XP
 C = Vault XP percentage of total XP
 D = Non-vault monster count
 E = Vault monster count
 F = Vault count percentage of total count
                 A         B        C        D         E       F
            +---------+---------+-------+---------+---------+-------
      Total |     194 |      12 |   5.8 |      63 |       6 |   8.7
            +---------+---------+-------+---------+---------+-------
        D:1 |      32 |       6 |  15.8 |      19 |       4 |  17.4
        D:2 |      75 |       6 |   7.4 |      26 |       2 |   7.1
        D:3 |      24 |       0 |   0.0 |      13 |       0 |   0.0
        D:4 |      63 |       0 |   0.0 |       5 |       0 |   0.0
            +---------+---------+-------+---------+---------+-------
